 Dungeon Crawl Stone Soup version 0.26-a0-30-g56b8cd3df0 (webtiles) character file.

Game seed: 5387755582277603395, levelgen mode: deterministic

455 Gwenloh the Ruffian (level 6, -1/50 HPs)
             Began as a Draconian Transmuter on June 2, 2020.
             Splashed by a jelly's acid (7 damage)
             ... on level 4 of the Dungeon.
             The game lasted 00:16:00 (5444 turns).

Gwenloh the Ruffian (Draconian Transmuter)          Turns: 5444, Time: 00:16:01

Health: -1/50      AC:  2    Str: 12    XL:     6   Next: 76%
Magic:  5/10       EV: 20    Int: 16    God:
Gold:   190        SH:  0    Dex: 16    Spells: 5/11 levels left

rFire    . . .     SeeInvis .     - Unarmed
rCold    . . .     Gourm    .   (shield currently unavailable)
rNeg     . . .     Faith    .   (armour unavailable)
rPois    x         Spirit   .   (helmet currently unavailable)
rElec    .         Reflect  .   (cloak currently unavailable)
rCorr    .         Harm     .   (gloves currently unavailable)
MR       .....                  (boots currently unavailable)
Stlth    +.........             (no amulet)
HPRegen  0.16/turn              (no ring)
MPRegen  0.12/turn              (no ring)

@: spider-form, very slightly contaminated
A: tiny, unfitting armour, AC +6
a: End Transformation


You were on level 4 of the Dungeon.
You were hungry.
You were a venomous arachnid creature.
You visited 1 branch of the dungeon, and saw 5 of its levels.

You collected 190 gold pieces.

Inventory:

Hand Weapons
 a - a +0 shortbow
 B - a +0 hunting sling
Missiles
 e - 40 sling bullets
 j - 215 stones (quivered)
 s - 41 arrows
 w - 34 bolts
Armour
 u - a +0 pair of gloves (melded)
 x - a +2 cloak (melded)
Jewellery
 z - an uncursed amulet of the acrobat {unknown}
Wands
 q - a wand of random effects (9)
 v - a wand of iceblast (9)
Scrolls
 h - 3 scrolls of remove curse
 i - 2 scrolls of enchant armour {unknown}
 l - 3 scrolls of identify {unknown}
 n - 3 scrolls of amnesia {unknown}
 o - 2 scrolls of enchant weapon {unknown}
 r - 3 scrolls of teleportation {unknown}
 t - a scroll of noise {unknown}
 y - a scroll of fog {unknown}
Potions
 b - a potion of might {unknown}
 d - 2 potions of flight {unknown}
 f - 6 potions of curing {unknown}
 g - 2 potions of haste {unknown}
 k - a potion of magic {unknown}
 m - a potion of stabbing {unknown}
 p - a potion of experience {unknown}
 A - a potion of brilliance {unknown}
 D - a potion of lignification {unknown}
Comestibles
 c - 12 rations


   Skills:
 + Level 2.7 Fighting
 + Level 2.7 Dodging
 * Level 4.7 Unarmed Combat
 + Level 3.1 Spellcasting
 * Level 4.0 Transmutations
 + Level 1.8 Poison Magic


You had 5 spell levels left.
You knew the following spells:

 Your Spells              Type           Power        Failure   Level  Hunger
a - Beastly Appendage     Tmut           ###...       12%         1    None
b - Sticks to Snakes      Tmut           ###.....     16%         2    ##.....
c - Spider Form           Tmut/Pois      ##........   36%         3    ###....

Your spell library contained the following spells:

 Spells                   Type           Power        Failure   Level  Hunger
 Ice Form                 Ice/Tmut       #.......     82%         4    ####...
 Blade Hands              Tmut           ###.......   85%         5    ######.


Dungeon Overview and Level Annotations

Branches:
Dungeon (5/15)
 Temple: D:4-7

Altars:
Fedhas
Hepliaklqana
Kikubaaqudgha
Nemelex Xobeh
Vehumet
Yredelemnul


Innate Abilities, Weirdness & Mutations

((Your plain brown scales are hard. (AC +6)))
You cannot fit into any form of body armour.
((You are cold-blooded and may be slowed by cold attacks.))


Message History

Casting: Sticks to Snakes (safe; 5% risk of failure)
Confirm with . or Enter, or press ? or * to list all spells.
You miscast Spider Form.
You are very lightly contaminated with residual magic.
You feel incredibly sick.
You are poisoned.
* * * LOW HITPOINT WARNING * * *
You feel sick. The jelly hits you but does no damage.
You feel sick.
You feel sick.
You are no longer poisoned.
Casting: Spider Form (dangerous; 17% risk of failure)
Confirm with . or Enter, or press ? or * to list all spells.
You turn into a venomous arachnid creature.
Your +2 cloak melds into your body.
Your +0 pair of gloves melds into your body.
The jelly hits you.
* * * LOW HITPOINT WARNING * * *
You are splashed with acid!
You die...

##.....## #.# #.#.#
##.....####.###.#.#
#...............#.#######
#.......######..#.......#
##.......# ##..#######.#
#........# ##...#######.#
##.......# #.............
#.......####............#
#.......sJ.......#####..#
#...###..####...## #...
#..## ##.# ##.###### ##.#
#.#.###.## #.......# #.#
#.##.#.## #.......# #.#
#.###.## #.......####.#
#.# #.######.............
#.# #..............#####.
#.##########.......# #.


You could see a jelly.

Vanquished Creatures
  A centaur (D:5)
  2 howler monkeys
  A crimson imp (D:5)
  2 jellies (D:5)
  2 orc wizards (D:5)
  A hound skeleton (D:5)
  4 adders
  An ooze (D:4)
  An adder skeleton (D:2)
  3 worms
  2 dart slugs
  2 leopard geckos
  4 orcs
  2 giant cockroaches
  2 gnoll zombies (D:2)
  8 goblins
  8 hobgoblins
  6 jackals
  3 quokkas
  8 bats
  9 frilled lizards
  9 kobolds
  A leopard gecko zombie (D:5)
  A quokka skeleton (D:4)
  7 rats
90 creatures vanquished.

Vanquished Creatures (collateral kills)
  A jackal (D:2)
1 creature vanquished.

Grand Total: 91 creatures vanquished

Notes
Turn   | Place    | Note
-------+----------+-------------------------------------------
     0 | D:1      | Gwenloh the Draconian Transmuter began the quest for the
                  | Orb.
     0 | D:1      | Reached XP level 1. HP: 16/16 MP: 3/3
   271 | D:1      | Reached XP level 2. HP: 16/23 MP: 3/5
   367 | D:1      | Learned a level 2 spell: Sticks to Snakes
  1579 | D:2      | Reached XP level 3. HP: 21/28 MP: 4/6
  1584 | D:2      | Learned a level 3 spell: Spider Form
  2056 | D:2      | Found a radiant altar of Vehumet.
  2348 | D:2      | Found a sparkling altar of Nemelex Xobeh.
  2375 | D:2      | Reached XP level 4. HP: 36/36 MP: 5/7
  2499 | D:2      | Found a blossoming altar of Fedhas.
  2667 | D:2      | Found a basalt altar of Yredelemnul.
  3303 | D:3      | Found an ancient bone altar of Kikubaaqudgha.
  4195 | D:4      | Reached skill level 1 in Poison Magic
  4195 | D:4      | Reached XP level 5. HP: 37/41 MP: 7/9
  4371 | D:5      | Entered Level 5 of the Dungeon
  4756 | D:5      | Found a hazy altar of Hepliaklqana.
  4821 | D:5      | Reached XP level 6. HP: 44/49 MP: 8/10
  5444 | D:4      | Splashed by a jelly's acid

Illustrated notes

Levels and vault maps discovered:
D:1:      nzn_arrival_depleted_hourglass, layout_basic
D:2:      layout_rooms, lemuel_zombie_altar_yredelemnul, lemuel_crystal_altar,
          nemelex_altar_shiori, first_ration, fedhas_altar_1
D:3:      layout_rooms, old_standard_altar, serial_corexii_hall,
          corexii_hall_statues_t, corexii_hall_statues_i, dk_vineyard_3
D:4:      layout_loops_ring
D:5:      layout_loops_ring, marbit_many_paths, uniq_crazy_yiuf_cottage

Skill      XL: |  1  2  3  4  5  6 |
---------------+-------------------+-----
Dodging        | 2 |  2.7
Transmutations | 3 4 |  4.0
Fighting       | 2 |  2.7
Unarmed Combat | 4 |  4.7
Poison Magic   | 1 |  1.8
Spellcasting   | 3 |  3.1

Action                   |  1- 3 |  4- 6 || total
-------------------------+-------+-------++-------
Melee: Unarmed           |   146 |   154 ||   300
       Headbutt          |    10 |     9 ||    19
       Tailslap          |    10 |    10 ||    20
       Kick              |     7 |     7 ||    14
       Punch             |     2 |     1 ||     3
 Fire: Hunting sling     |       |    37 ||    37
       Shortbow          |       |    10 ||    10
Throw: Stone             |    36 |    29 ||    65
 Cast: Beastly Appendage |    27 |    20 ||    47
       Sticks to Snakes  |     2 |     4 ||     6
       Spider Form       |       |     2 ||     2
  Use: Scroll            |       |     1 ||     1
  Eat: Chunk             |     5 |    10 ||    15
Armor: Skin              |    44 |    54 ||    98
Dodge: Dodged            |    81 |    92 ||   173

Table legend:
 A = Non-vault XP
 B = Vault XP
 C = Vault XP percentage of total XP
 D = Non-vault monster count
 E = Vault monster count
 F = Vault count percentage of total count
                 A         B        C        D         E       F
            +---------+---------+-------+---------+---------+-------
      Total |     646 |       4 |   0.6 |      89 |       2 |   2.2
            +---------+---------+-------+---------+---------+-------
        D:1 |      37 |       0 |   0.0 |      25 |       0 |   0.0
        D:2 |      75 |       4 |   5.1 |      26 |       2 |   7.1
        D:3 |      46 |       0 |   0.0 |      15 |       0 |   0.0
        D:4 |      77 |       0 |   0.0 |      10 |       0 |   0.0
        D:5 |     411 |       0 |   0.0 |      13 |       0 |   0.0
            +---------+---------+-------+---------+---------+-------
